 Dungeon Crawl Stone Soup version 0.30-a0-167-g62a5988fa7 (webtiles) character file.

Game seed: 15620992631096005418

2440 qw the Cleaver (level 9, -2/57 HPs)
             Began as a Gargoyle Fighter on Sept 29, 2022.
             Was an Initiate of Okawaru.
             Slain by an orc warrior
             ... wielding a +0 trident
              (3 damage)
             ... on level 9 of the Dungeon.
             The game lasted 00:02:26 (7634 turns).

qw the Cleaver (Gargoyle Fighter)                   Turns: 7634, Time: 00:02:27

Health: -2/57      AC: 14    Str: 30    XL:     9   Next: 49%
Magic:  9/9        EV: 10    Int: 14    God:    Okawaru [......]
Gold:   231        SH:  9    Dex:  9    Spells: 8/8 levels left

rFire   . . .      SeeInvis +    Y - +1 war axe
rCold   + . .      Faith    .    c - +0 buckler
rNeg    + . .      Spirit   .    b - +0 scale mail
rPois   inf        Reflect  +    e - +0 helmet
rElec   +          Harm     .    (no cloak)
rCorr   .          Rampage  .    (no gloves)
Will    .....                    (no boots)
Stlth   ..........               l - amulet of reflection
HPRegen 0.19/turn                o - ring "Jiori" {rC+ Str+5 Int+6}
MPRegen 0.11/turn                q - ring of see invisible

@: about to teleport
A: sickness immunity, AC +6, negative energy resistance 1, electricity
resistance, torment resistance 1, petrification resistance
a: Renounce Religion


You were on level 9 of the Dungeon.
You worshipped Okawaru.
Okawaru was noncommittal.
You visited 2 branches of the dungeon, and saw 9 of its levels.

You collected 231 gold pieces.


Innate Abilities, Weirdness & Mutations

You are immune to sickness and miasma.
Your stone body is resilient. (AC +6)
You are immune to poison.
You resist negative energy. (rN+)
You are resistant to electric shocks. (rElec)
You are resistant to unholy torment.
You are immune to petrification.


   Skills:
 - Level 7.5 Fighting
 + Level 9.3 Axes
 - Level 2.0 Throwing
 - Level 3.2 Armour
 - Level 1.5 Dodging
 - Level 4.2 Shields


You had 8 spell levels left.
You didn't know any spells.
Your spell library was empty.

Inventory:

Hand Weapons
 f - a +3 flail of protection
 Y - a +1 war axe (weapon)
Missiles
 g - 5 boomerangs (quivered)
Armour
 b - a +0 scale mail (worn)
 c - a +0 buckler (worn)
 e - a +0 helmet (worn)
 n - a +0 chain mail
Jewellery
 a - a ring of ice
 l - an amulet of reflection (around neck)
 o - the ring "Jiori" (left hand) {rC+ Str+5 Int+6}
   (You found it on level 4 of the Dungeon)

   [ring of intelligence]

   Str:       It affects your strength (+5).
   Int:       It affects your intelligence (+6).
   rC:        It protects you from cold.
 q - a ring of see invisible (right hand)
Scrolls
 h - a scroll of teleportation
 i - a scroll of silence {unknown}
 j - a scroll of identify
Potions
 d - 3 potions of might
 k - 2 potions of curing
 m - a potion of haste
 r - a potion of heal wounds
 s - a potion of lignification

Dungeon Overview and Level Annotations

Branches:
Dungeon (7/15)             Temple (1/1) D:7

Altars:
Ashenzari
Cheibriados
Dithmenos
Elyvilon
Fedhas
Gozag
Kikubaaqudgha
Makhleb
Nemelex Xobeh
Okawaru
Qazlal
Ru
Sif Muna
Trog
Uskayaw
Vehumet
Wu Jian
Xom
Zin
The Shining One

Shops:
D:1 =   D:4 !

Annotations:
D:2 1 runed translucent door, Crazy Yiuf
D:9 Harold


Message History

The orc warrior hits you but does no damage.
You block the killer bee's attack.
The killer bee stings you but does no damage.
You slash the killer bee!
You kill the killer bee!
Okawaru accepts your kill.
You slash Harold! You closely miss the killer bee.
You block the killer bee's attack. You block Harold's attack.
The orc warrior hits you from afar with a +0 trident.
The killer bee closely misses you.
You miss the killer bee.
The killer bee is severely wounded.
You hit Harold. You block the killer bee's attack.
Harold hits you with a +1 long sword of pain.
You writhe in agony.
You block the orc warrior's attack. The killer bee stings you.
You closely miss the killer bee.
The killer bee is severely wounded.
You completely miss Harold. The killer bee barely misses you.
You block Harold's attack. You block the orc warrior's attack.
The killer bee stings you.
You slash the killer bee!
You kill the killer bee!
Okawaru accepts your kill.
You slash Harold! You block Harold's attack.
You block the orc warrior's attack. The killer bee closely misses you.
You hit Harold.
Harold is heavily wounded.
You slash the killer bee! The killer bee stings you.
Harold hits you with a +1 long sword of pain!
You block the orc warrior's attack. The killer bee stings you.
7634 ||| READING 2 scrolls of teleportation.
As you read the scroll of teleportation, it crumbles to dust.
You feel strangely unstable. You block the killer bee's attack.
Harold hits you but does no damage.
The orc warrior hits you from afar with a +0 trident.
You die...

# #.... .........# #.
#.... .........# #..
#.... .........#
#...##### .........+
#........ .........#
#........
.......o.#######.......#
......)@y..............#
###@# ........# #...#
###########
#...######..........
#...................
#...................
###.................
#.................
#.....######......
#.....# #...###


You could see Harold, an orc warrior and a killer bee.

Vanquished Creatures
  Prince Ribbit (D:7)
  Edmund (D:6)
  Duvessa (D:7)
  2 water moccasins
  An ice beast (D:6)
  2 black bears (D:4)
  2 ogres
  3 bullfrogs
  2 kobold brigands (D:7)
  4 scorpions
  Dowan (D:7)
  2 killer bees (D:9)
  2 howler monkeys
  3 jellies
  2 hounds (D:5)
  A gnoll bouda (D:5)
  2 orc priests
  Jessica (D:2)
  2 iguanas
  3 orc wizards
  Robin (D:3)
  5 gnolls (D:5)
  5 adders
  3 shadow imps
  3 worms
  5 dart slugs
  11 orcs
  5 ball pythons
  5 endoplasms
  2 giant cockroaches
  17 goblins
  11 hobgoblins
  4 jackals (D:1)
  21 kobolds
  4 quokkas
  7 bats
  2 frilled lizards
  4 rats
153 creatures vanquished.

Notes
Turn   | Place    | Note
-------+----------+-------------------------------------------
     0 | D:1      | qw the Gargoyle Fighter began the quest for the Orb.
     0 | D:1      | Reached XP level 1. HP: 14/14 MP: 1/1
     0 | D:1      | 0 ||| qw: Version: 0.2-a-12-gaebbb33
     0 | D:1      | 0 ||| qw: Game counter: 1069
     0 | D:1      | 0 ||| qw: Always use a shield: true
     0 | D:1      | 0 ||| qw: God list: Okawaru
     0 | D:1      | 0 ||| qw: Allow faded altars: false
     0 | D:1      | 0 ||| qw: Do Orc after D:15 true
     0 | D:1      | 0 ||| qw: Do second Lair branch before Depths: true
     0 | D:1      | 0 ||| qw: Lair rune preference: random
     0 | D:1      | 0 ||| qw: Plans: Normal, Zot:1-4, God:TSO, Crypt, Tomb,
                  | Pan, Slime:5, Hells, Abyss, Orb
     0 | D:1      | 0 ||| PLANNING D:1-11
    17 | D:1      | 17 ||| Stepping ~*~*~tactically~*~*~ (stealth).
   243 | D:1      | Reached skill level 2 in Axes
   421 | D:1      | 421 ||| Stepping ~*~*~tactically~*~*~ (stealth).
   422 | D:1      | 422 ||| Stepping ~*~*~tactically~*~*~ (stealth).
   428 | D:1      | Reached XP level 2. HP: 17/19 MP: 2/2
   590 | D:1      | Found Lisseb's Jewellery Shoppe.
   610 | D:1      | Reached skill level 3 in Axes
   628 | D:1      | Reached XP level 3. HP: 20/23 MP: 3/3
   750 | D:1      | 750 ||| SHOPLISTING +4 ring of evasion (504 gold, have 13).
   750 | D:1      | 750 ||| SHOPLISTING +4 ring of protection (504 gold, have
                  | 13).
   750 | D:1      | 750 ||| SHOPLISTING amulet of Decvi {RegenMP Str+2} (576
                  | gold, have 13).
   750 | D:1      | 750 ||| SHOPLISTING amulet of guardian spirit (420 gold,
                  | have 13).
   750 | D:1      | 750 ||| SHOPLISTING amulet of reflection (420 gold, have
                  | 13).
   987 | D:1      | 987 ||| Stepping ~*~*~tactically~*~*~ (stealth).
   994 | D:1      | 994 ||| Stepping ~*~*~tactically~*~*~ (stealth).
  1053 | D:1      | 1053 ||| Stepping ~*~*~tactically~*~*~ (stealth).
  1098 | D:1      | 1098 ||| DROPPING +0 club.
  1150 | D:1      | Found a faded altar of an unknown god.
  1217 | D:1      | 1217 ||| DROPPING ring of wizardry.
  1218 | D:1      | 1218 ||| READING scroll labelled UCAIFAMAMA.
  1219 | D:1      | 1219 ||| READING scroll labelled ETUQIE VOEGI.
  1220 | D:1      | 1220 ||| READING scroll labelled FOOKAWATZYT.
  1221 | D:1      | 1221 ||| READING 2 scrolls labelled KUDWOZEIBA.
  1222 | D:1      | 1222 ||| READING scroll labelled XEIGOIWOSH.
  1279 | D:1      | 1279 ||| DROPPING scroll of amnesia.
  1324 | D:2      | Reached skill level 1 in Throwing
  1325 | D:2      | 1325 ||| Stepping ~*~*~tactically~*~*~ (stealth).
  1402 | D:2      | Noticed Jessica
  1403 | D:2      | 1403 ||| Stepping ~*~*~tactically~*~*~ (hiding).
  1412 | D:2      | Killed Jessica
  1413 | D:2      | Reached XP level 4. HP: 27/28 MP: 4/4
  1437 | D:2      | 1437 ||| Stepping ~*~*~tactically~*~*~ (stealth).
  1438 | D:2      | 1438 ||| Stepping ~*~*~tactically~*~*~ (stealth).
  1442 | D:2      | 1442 ||| Stepping ~*~*~tactically~*~*~ (stealth).
  1443 | D:2      | 1443 ||| Stepping ~*~*~tactically~*~*~ (stealth).
  1501 | D:2      | Found a runed translucent door.
  1502 | D:2      | Noticed Crazy Yiuf
  1586 | D:2      | Reached skill level 4 in Axes
  1940 | D:2      | 1940 ||| READING scroll labelled PITHYIBOAR.
  1941 | D:2      | 1941 ||| READING scroll labelled YWYVVI QOSSOCW.
  1981 | D:2      | 1981 ||| READING scroll labelled NEISMIN ALLOK.
  1982 | D:2      | 1982 ||| DRINKING 2 smoky silvery potions.
  1983 | D:2      | 1983 ||| DRINKING 2 bubbling black potions.
  1984 | D:2      | 1984 ||| READING 3 scrolls of identify.
  1984 | D:2      | 1984 ||| IDENTIFYING metallic ruby potion
  1985 | D:2      | 1985 ||| READING 2 scrolls of identify.
  1985 | D:2      | 1985 ||| IDENTIFYING metallic yellow potion
  1986 | D:2      | 1986 ||| DROPPING potion of invisibility.
  1987 | D:2      | 1987 ||| DROPPING potion of ambrosia.
  1988 | D:2      | 1988 ||| DROPPING potion of degeneration.
  2014 | D:3      | Noticed Robin
  2019 | D:3      | 2019 ||| Stepping ~*~*~tactically~*~*~ (stealth).
  2022 | D:3      | Killed Robin
  2030 | D:3      | Reached XP level 5. HP: 20/32 MP: 5/5
  2214 | D:3      | 2214 ||| Stepping ~*~*~tactically~*~*~ (hiding).
  2301 | D:3      | 2301 ||| Stepping ~*~*~tactically~*~*~ (hiding).
  2607 | D:3      | 2607 ||| Stepping ~*~*~tactically~*~*~ (stealth).
  2625 | D:3      | Reached skill level 5 in Axes
  2764 | D:3      | 2764 ||| DROPPING +0 mace.
  2830 | D:3      | 2830 ||| UPGRADING to +0 helmet.
  2835 | D:3      | 2835 ||| UPGRADING to amulet of reflection.
  2840 | D:3      | 2840 ||| READING scroll labelled NAIRRO JADAAFU.
  2841 | D:3      | 2841 ||| READING scroll labelled PIAG MOAFFOBUN.
  2892 | D:4      | Noticed a black bear
  2893 | D:4      | 2893 ||| Stepping ~*~*~tactically~*~*~ (stealth).
  2912 | D:4      | Killed a black bear
  2913 | D:4      | Reached XP level 6. HP: 26/39 MP: 6/6
  3171 | D:4      | Found Dagiy's Distillery.
  3174 | D:4      | Identified the ring "Jiori" {rC+ Str+5 Int+6}
  3275 | D:4      | Found a snail-covered altar of Cheibriados.
  3307 | D:4      | Reached skill level 1 in Dodging
  3307 | D:4      | Reached XP level 7. HP: 44/44 MP: 7/7
  3418 | D:4      | Found a glowing silver altar of Zin.
  3734 | D:4      | Found an opulent altar of Gozag.
  3735 | D:4      | Found an ornate altar of the Wu Jian Council.
  4090 | D:4      | 4090 ||| UPGRADING to ring "Jiori" {rC+ Str+5 Int+6}.
  4091 | D:4      | 4091 ||| UPGRADING to ring of see invisible.
  4119 | D:5      | Entered Level 5 of the Dungeon
  4122 | D:5      | 4122 ||| STAIRDANCE
  4133 | D:4      | Reached skill level 6 in Axes
  4161 | D:5      | 4161 ||| STAIRDANCE
  4325 | D:5      | 4325 ||| Stepping ~*~*~tactically~*~*~ (stealth).
  4326 | D:5      | 4326 ||| Stepping ~*~*~tactically~*~*~ (stealth).
  4327 | D:5      | 4327 ||| Stepping ~*~*~tactically~*~*~ (stealth).
  4328 | D:5      | 4328 ||| Stepping ~*~*~tactically~*~*~ (stealth).
  4329 | D:5      | 4329 ||| Stepping ~*~*~tactically~*~*~ (stealth).
  4330 | D:5      | 4330 ||| Stepping ~*~*~tactically~*~*~ (stealth).
  4399 | D:5      | Reached skill level 7 in Axes
  4484 | D:5      | HP: 10/44 [gnoll/+0 flail[a gnoll bouda] (9)]
  4485 | D:5      | Reached XP level 8. HP: 7/49 MP: 8/8
  4485 | D:5      | 4485 ||| READING 2 scrolls of teleportation.
  5269 | D:5      | 5269 ||| READING scroll labelled KUSUXO RYSTRO.
  5270 | D:5      | 5270 ||| DRINKING 3 golden potions.
  5271 | D:5      | 5271 ||| READING 3 scrolls of identify.
  5271 | D:5      | 5271 ||| IDENTIFYING bubbling pink potion
  5272 | D:5      | 5272 ||| READING 2 scrolls of identify.
  5272 | D:5      | 5272 ||| IDENTIFYING grey potion
  5273 | D:5      | 5273 ||| DROPPING 2 potions of flight.
  5274 | D:5      | 5274 ||| DROPPING potion of brilliance.
  5363 | D:6      | 5363 ||| READING scroll labelled RASHRO USSECKAFF.
  5364 | D:6      | 5364 ||| READING scroll of teleportation.
  5386 | D:6      | Noticed Edmund
  5388 | D:6      | 5388 ||| Stepping ~*~*~tactically~*~*~ (hiding).
  5405 | D:6      | HP: 8/49 [Edmund/+3 flail of protection (12)]
  5412 | D:6      | Killed Edmund
  5675 | D:6      | 5675 ||| DROPPING +0 flail.
  5762 | D:6      | Reached skill level 8 in Axes
  5967 | D:6      | 5967 ||| Stepping ~*~*~tactically~*~*~ (stealth).
  5969 | D:6      | 5969 ||| Stepping ~*~*~tactically~*~*~ (hiding).
  5970 | D:6      | 5970 ||| FLEEEEING.
  5971 | D:6      | 5971 ||| Stepping ~*~*~tactically~*~*~ (hiding).
  5976 | D:6      | Reached skill level 6 in Fighting
  6479 | D:6      | 6479 ||| READING scroll labelled TAOFFEYPIFE.
  6480 | D:6      | 6480 ||| READING 2 scrolls of identify.
  6480 | D:6      | 6480 ||| IDENTIFYING metallic emerald potion
  6551 | D:7      | Reached XP level 9. HP: 50/55 MP: 9/9
  6592 | D:7      | Reached skill level 9 in Axes
  6597 | D:7      | 6597 ||| Stepping ~*~*~tactically~*~*~ (stealth).
  6598 | D:7      | 6598 ||| Stepping ~*~*~tactically~*~*~ (stealth).
  6656 | D:7      | Found a stormy altar of Qazlal.
  6839 | D:7      | Noticed Duvessa
  6850 | D:7      | Killed Duvessa
  6911 | D:7      | Found a staircase to the Ecumenical Temple.
  6912 | D:7      | 6912 ||| PLANNING TEMPLE
  6912 | D:7      | 6912 ||| READING 2 scrolls of identify.
  6912 | D:7      | 6912 ||| IDENTIFYING murky blue potion
  6914 | D:7      | Noticed Prince Ribbit
  6925 | Temple   | Entered the Ecumenical Temple
  6936 | Temple   | 6936 ||| PLANNING OKAWARU WORSHIP
  7116 | Temple   | Became a worshipper of Warmaster Okawaru
  7117 | Temple   | 7117 ||| PLANNING D:1-11
  7144 | D:7      | Killed Prince Ribbit
  7487 | D:7      | Noticed Dowan
  7493 | D:7      | Killed Dowan
  7528 | D:7      | 7528 ||| Stepping ~*~*~tactically~*~*~ (stealth).
  7568 | D:7      | You fall into a shaft and drop 2 floors!
  7619 | D:9      | Noticed Harold
  7633 | D:9      | HP: 14/57 [killer bee (3)]
  7633 | D:9      | HP: 6/57 [Harold/+1 long sword of pain (8)]
  7633 | D:9      | HP: 1/57 [killer bee (5)]
  7634 | D:9      | 7634 ||| READING 2 scrolls of teleportation.
  7634 | D:9      | Slain by an orc warrior

Levels and vault maps discovered:
D:1:      dpeg_arrival_tiny_b, layout_rooms, serial_shops, shop_fountains,
          hellmonk_ecumenical_altar_inner_sanctum
D:2:      layout_rooms, solitary_fountain, uniq_crazy_yiuf_cottage, uniq_jessica
D:3:      layout_basic, uniq_robin
D:4:      layout_layer_cave, mainiacjoe_overflow_six_doors_small, slow_altar_1,
          gammafunk_temple_overflow_statue, serial_shops,
          nicolae_shop_statue_plus
D:5:      layout_cave_pods
D:6:      layout_gridville, serial_glass, glass_columns_a, glass_columns_a,
          uniq_edmund
D:7:      layout_basic, nicolae_qazlal_style_of_elements,
          minmay_temple_entry_waves, uniq_prince_ribbit1, uniq_duvessa
D:9:      layout_irregular_city, uniq_harold, uniq_erolcha
Temple:   bh_familiar_temple

Skill      XL: |  1  2  3  4  5  6  7  8  9 |
---------------+----------------------------+-----
Axes           | 2 3 4 5 7 8 9 |  9.3
Throwing       | 1 2 |  2.0
Fighting       | 4 5 6 7 |  7.5
Dodging        | 1 |  1.5
Shields        | 4 |  4.2
Armour         | |  3.2

Action                   |  1- 3 |  4- 6 |  7- 9 || total
-------------------------+-------+-------+-------++-------
Melee: War axe           |   110 |   102 |   236 ||   448
Throw: Javelin           |    17 |    33 |    21 ||    71
       Boomerang         |       |       |    42 ||    42
  Use: Scroll            |     5 |     7 |    10 ||    22
       Potion            |       |     2 |     1 ||     3
 Stab: Invisible         |       |     1 |       ||     1
Armor: Scale mail        |    76 |    48 |   104 ||   228
Dodge: Dodged            |    51 |    55 |   123 ||   229
Block: Buckler           |    19 |    33 |   120 ||   172
       Reflection        |       |       |     7 ||     7

Table legend:
 A = Non-vault XP
 B = Vault XP
 C = Vault XP percentage of total XP
 D = Non-vault monster count
 E = Vault monster count
 F = Vault count percentage of total count
                 A         B        C        D         E       F
            +---------+---------+-------+---------+---------+-------
      Total |    2768 |     719 |  20.6 |     135 |      18 |  11.8
            +---------+---------+-------+---------+---------+-------
        D:1 |      56 |       0 |   0.0 |      31 |       0 |   0.0
        D:2 |      38 |      37 |  49.3 |      16 |       1 |   5.9
        D:3 |      93 |      35 |  27.3 |      23 |      12 |  34.3
        D:4 |     682 |       5 |   0.7 |      15 |       1 |   6.2
        D:5 |     319 |       0 |   0.0 |      13 |       0 |   0.0
        D:6 |     761 |     157 |  17.1 |      12 |       1 |   7.7
        D:7 |     624 |     485 |  43.7 |      21 |       3 |  12.5
        D:9 |     195 |       0 |   0.0 |       4 |       0 |   0.0
            +---------+---------+-------+---------+---------+-------
